General information
- name: BNet
- type: Ladder 1vs1/FFA
- host: Battle.net
- saver: BEAR_AND
map: TerenasStand
- players: 2
- length: 77:03
- speed: Fast
- version: 1.27 W3XP
- replay type:

» download(249 KB)
Players
team 1 (winner)
BEAR_AND (
blue | 113 APM | 8725 actions | 77:03)
7 Archmage
2 Summon Water Elemental
2 Brilliance Aura
2 Blizzard
1 Mass Teleport
4 Blood Mage
2 Flame Strike
2 Banish
3 Paladin
2 Holy Light
1 Divine Shield
» actions
| Assign group hotkey | 58 | |
| Basic commands | 35 | |
| Build / train | 179 | |
| ESC pressed | 1 | |
| Enter build submenu | 47 | |
| Enter hero's abilities submenu | 14 | |
| Give item / drop item | 4 | |
| Remove unit from queue | 2 | |
| Right click | 5313 | |
| Select / deselect | 974 | |
| Select group hotkey | 1400 | |
| Use ability | 698 | |
8725 total
» units
| Peasant | 17 | |
| Dragonhawk Rider | 9 | |
| Goblin Shredder | 4 | |
| Priest | 1 | |
| Sorceress | 2 | |
33 total
» upgrades
| Masonry | 3 | |
| Swords | 3 | |
| Animal War Training | 1 | |
| Cloud | 1 | |
| Magic Sentry | 1 | |
| Armor | 3 | |
| Sorceress Training | 1 | |
| Priest Training | 1 | |
| Backpack | 1 | |
| Storm Hammers | 1 | |
16 total
» buildings
| Altar of Kings | 1 | |
| Farm | 8 | |
| Lumber Mill | 1 | |
| Arcane Vault | 2 | |
| Scout Tower | 114 | |
| Arcane Tower | 15 | |
| Guard Tower | 62 | |
| Keep | 4 | |
| Gryphon Aviary | 1 | |
| Town Hall | 3 | |
| Barracks | 1 | |
| Castle | 3 | |
| Blacksmith | 1 | |
| Arcane Sanctum | 1 | |
217 total
» build order
00:09 Altar of Kings
00:18 Farm
00:25 Farm
00:33 Lumber Mill
01:08 Arcane Vault
01:17 Scout Tower
01:24 Scout Tower
01:27 Scout Tower
02:00 Arcane Tower
02:00 Arcane Tower
02:01 Scout Tower
02:03 Scout Tower
02:35 Arcane Tower
02:38 Guard Tower
02:54 Scout Tower
03:14 Guard Tower
03:26 Guard Tower
03:27 Scout Tower
03:27 Scout Tower
03:27 Scout Tower
03:57 Keep
03:57 Keep
03:57 Keep
03:58 Guard Tower
03:58 Guard Tower
03:58 Guard Tower
03:59 Scout Tower
04:00 Scout Tower
04:32 Guard Tower
04:34 Farm
04:36 Farm
04:50 Guard Tower
05:18 Guard Tower
06:02 Scout Tower
06:02 Scout Tower
06:03 Scout Tower
06:03 Scout Tower
06:04 Scout Tower
06:04 Scout Tower
06:05 Scout Tower
06:05 Scout Tower
06:28 Farm
06:35 Arcane Tower
06:35 Guard Tower
06:35 Guard Tower
06:36 Guard Tower
06:57 Guard Tower
07:10 Guard Tower
07:11 Guard Tower
07:11 Guard Tower
07:11 Guard Tower
07:37 Gryphon Aviary
07:45 Guard Tower
08:53 Town Hall
09:01 Farm
09:02 Farm
09:03 Farm
10:48 Scout Tower
10:49 Scout Tower
10:49 Scout Tower
10:50 Scout Tower
10:51 Scout Tower
11:23 Barracks
11:39 Castle
11:40 Castle
11:46 Scout Tower
11:47 Scout Tower
11:47 Scout Tower
11:48 Scout Tower
11:48 Scout Tower
11:53 Blacksmith
11:59 Guard Tower
12:07 Guard Tower
12:14 Arcane Sanctum
12:19 Guard Tower
12:49 Guard Tower
12:52 Guard Tower
13:20 Guard Tower
14:06 Guard Tower
14:08 Scout Tower
14:09 Scout Tower
14:09 Scout Tower
14:10 Scout Tower
14:13 Scout Tower
14:14 Scout Tower
14:14 Scout Tower
14:14 Scout Tower
14:15 Scout Tower
14:31 Guard Tower
14:37 Guard Tower
14:42 Scout Tower
14:42 Scout Tower
14:42 Scout Tower
14:43 Scout Tower
15:47 Guard Tower
16:24 Guard Tower
16:26 Guard Tower
16:52 Guard Tower
17:54 Guard Tower
18:02 Scout Tower
18:02 Scout Tower
18:03 Scout Tower
18:03 Scout Tower
18:04 Scout Tower
18:05 Scout Tower
18:05 Scout Tower
19:35 Guard Tower
19:38 Scout Tower
19:39 Scout Tower
19:40 Scout Tower
19:40 Scout Tower
19:46 Arcane Vault
21:07 Guard Tower
21:18 Arcane Tower
21:22 Scout Tower
21:23 Scout Tower
21:24 Scout Tower
21:42 Guard Tower
21:42 Guard Tower
24:04 Guard Tower
24:06 Guard Tower
24:12 Scout Tower
24:12 Scout Tower
24:13 Scout Tower
24:49 Arcane Tower
26:01 Guard Tower
30:45 Scout Tower
30:46 Scout Tower
30:46 Scout Tower
30:47 Scout Tower
30:47 Scout Tower
31:24 Arcane Tower
31:53 Arcane Tower
32:32 Arcane Tower
32:38 Arcane Tower
33:05 Arcane Tower
33:05 Arcane Tower
33:35 Scout Tower
33:36 Scout Tower
33:37 Scout Tower
33:37 Scout Tower
33:38 Scout Tower
33:38 Scout Tower
33:39 Scout Tower
33:39 Scout Tower
33:42 Town Hall
33:44 Scout Tower
33:44 Scout Tower
33:45 Scout Tower
33:46 Scout Tower
33:46 Scout Tower
33:47 Scout Tower
33:47 Scout Tower
33:48 Scout Tower
35:04 Scout Tower
35:05 Scout Tower
35:05 Scout Tower
35:05 Scout Tower
35:07 Scout Tower
35:07 Scout Tower
35:07 Scout Tower
35:08 Scout Tower
36:16 Guard Tower
36:20 Guard Tower
36:20 Guard Tower
36:26 Guard Tower
36:38 Guard Tower
36:38 Guard Tower
37:11 Scout Tower
37:11 Scout Tower
37:12 Scout Tower
37:12 Scout Tower
37:37 Town Hall
37:52 Guard Tower
37:54 Scout Tower
37:55 Scout Tower
37:55 Scout Tower
37:56 Scout Tower
37:57 Scout Tower
37:57 Scout Tower
39:01 Guard Tower
39:03 Guard Tower
44:16 Scout Tower
44:17 Scout Tower
44:17 Scout Tower
44:18 Scout Tower
44:18 Scout Tower
44:19 Scout Tower
44:20 Scout Tower
44:20 Scout Tower
44:26 Scout Tower
44:26 Scout Tower
44:27 Scout Tower
44:27 Scout Tower
44:28 Scout Tower
44:30 Scout Tower
44:31 Scout Tower
45:19 Guard Tower
45:20 Guard Tower
45:56 Guard Tower
46:15 Guard Tower
46:17 Guard Tower
47:12 Guard Tower
48:16 Guard Tower
» items
| Lesser Clarity Potion | 2 | |
| Scroll of Regeneration | 1 | |
| Boots of Speed | 3 | |
| Staff of Teleportation | 6 | |
| Tome of Retraining | 1 | |
| Staff of Sanctuary | 3 | |
16 total
team 2 (loser)
xCenariusx (
pink | 49 APM | 3788 actions | 77:02)
4 Demon Hunter
2 Mana Burn
2 Evasion
4 Keeper of the Grove
1 Force of Nature
2 Thorns Aura
1 Entangling Roots
» actions
| Assign group hotkey | 74 | |
| Build / train | 122 | |
| ESC pressed | 1 | |
| Enter build submenu | 51 | |
| Enter hero's abilities submenu | 9 | |
| Right click | 1536 | |
| Select / deselect | 745 | |
| Select group hotkey | 1073 | |
| Use ability | 177 | |
3788 total
» units
| Wisp | 57 | |
| Chimaera | 12 | |
| Hippogryph | 3 | |
| Dryad | 9 | |
| Forest Troll Shadow Priest | 1 | |
| Mountain Giant | 2 | |
| Glaive Thrower | 5 | |
89 total
» upgrades
| Strength of the Wild | 3 | |
| Reinforced Hides | 4 | |
| Corrosive Breath | 1 | |
| Abolish Magic | 1 | |
| Nature's Blessing | 1 | |
| Resistant Skin | 1 | |
| Hardened Skin | 1 | |
| Vorpal Blades | 1 | |
| Strength of the Moon | 2 | |
| Moon Armor | 2 | |
17 total
» buildings
| Altar of Elders | 1 | |
| Moon Well | 16 | |
| Tree of Ages | 1 | |
| Hunter's Hall | 1 | |
| Tree of Eternity | 1 | |
| Ancient of Wind | 1 | |
| Chimaera Roost | 3 | |
| Tree of Life | 9 | |
| Ancient of Lore | 3 | |
| Ancient Protector | 6 | |
| Ancient of Wonders | 1 | |
| Ancient of War | 1 | |
44 total
» build order
00:27 Altar of Elders
00:36 Moon Well
01:35 Moon Well
02:13 Tree of Ages
02:27 Moon Well
02:49 Hunter's Hall
03:26 Moon Well
03:54 Moon Well
04:21 Moon Well
04:35 Tree of Eternity
05:25 Ancient of Wind
07:03 Chimaera Roost
07:07 Chimaera Roost
07:11 Chimaera Roost
10:22 Moon Well
11:18 Moon Well
12:07 Tree of Life
15:53 Ancient of Lore
16:00 Ancient of Lore
16:45 Tree of Life
20:55 Tree of Life
21:32 Ancient Protector
21:35 Ancient Protector
23:44 Ancient Protector
23:48 Ancient Protector
23:51 Ancient Protector
25:54 Ancient Protector
30:09 Tree of Life
32:41 Ancient of Lore
34:19 Tree of Life
38:35 Ancient of Wonders
38:44 Ancient of War
49:00 Tree of Life
55:11 Moon Well
56:09 Moon Well
56:23 Moon Well
56:29 Moon Well
57:18 Moon Well
57:27 Moon Well
58:15 Tree of Life
58:41 Moon Well
59:43 Moon Well
63:49 Tree of Life
65:59 Tree of Life
» items
Chat log
(00:12 / All) BEAR_AND: hi
(00:16 / All) xCenariusx: hi
(00:37 / All) BEAR_AND: how are u
(00:43 / All) xCenariusx: sleepy
(27:42 / All) BEAR_AND: lol dude
(28:36 / All) xCenariusx: lol what you gay towers lol
(28:40 / All) BEAR_AND: huh
(29:11 / All) xCenariusx: way to make game boring
(29:14 / All) BEAR_AND: fun for me
(30:27 / All) BEAR_AND: hey quick question
(30:35 / All) xCenariusx: yup
(30:38 / All) BEAR_AND: are you bad
(30:51 / All) xCenariusx: o no you must be awesome lol
(31:00 / All) BEAR_AND: sorry was that a yes or a no?
(31:07 / All) xCenariusx: hidding behind towers
(31:19 / All) xCenariusx: not as bad as you
(31:30 / All) BEAR_AND: so you're saying you're better than me
(31:32 / All) BEAR_AND: ?
(31:40 / All) xCenariusx: probably
(31:47 / All) BEAR_AND: ok make sure you win then lol
(32:01 / All) xCenariusx: i will
(32:06 / All) BEAR_AND: haha ok
(33:49 / All) xCenariusx: you do know you need to destroy my base to win
(33:53 / All) BEAR_AND: do i?
(33:59 / All) BEAR_AND: you just have to quit really
(34:08 / All) xCenariusx: i wont
(34:12 / All) BEAR_AND: ok lol
(38:39 / All) BEAR_AND: lol
(38:41 / All) BEAR_AND: thanks i guess
(39:13 / All) BEAR_AND: lots of levels
(39:18 / All) BEAR_AND: =-O
(39:36 / All) BEAR_AND: you're just now getting an orb? lol
(39:43 / All) BEAR_AND: are you sure you're better than me?
(39:57 / All) xCenariusx: lol i sure i am
(40:03 / All) BEAR_AND: ok hehe
(40:15 / All) xCenariusx: you know i havenbt played this gmae in aprox 8 year
(40:28 / All) BEAR_AND: maybe you aren't as good as me then
(40:51 / All) xCenariusx: im better you just enjoy wasting time
(41:00 / All) BEAR_AND: but you still think you're winning?
(41:11 / All) xCenariusx: you need to destroyu my base
(41:18 / All) xCenariusx: lol
(41:20 / All) BEAR_AND: or you can quit
(41:31 / All) xCenariusx: nice tpo
(41:40 / All) BEAR_AND: staff?
(44:08 / All) xCenariusx: zzzz
(44:12 / All) BEAR_AND: bye
(45:57 / All) BEAR_AND: your siege died
(46:18 / All) xCenariusx: sorry not payinfg attention
(46:30 / All) BEAR_AND: i guess you don't want to win then
(46:37 / All) xCenariusx: im dazzeled by your awesomeness
(49:55 / All) BEAR_AND: ahh dryads
(49:58 / All) BEAR_AND: the ultimate antitower unit
(50:10 / All) xCenariusx: 11
(50:12 / All) xCenariusx: lol
(50:23 / All) xCenariusx: where are your units
(50:33 / All) BEAR_AND: i have a few dragonhawks in case of chimaera
(50:59 / All) xCenariusx: and how are you destroying my base again
(51:52 / All) BEAR_AND: with heroes of course
(52:23 / All) xCenariusx: gold over there
(55:33 / All) BEAR_AND: worried now?
(55:46 / All) xCenariusx: bored as hell really
(55:57 / All) BEAR_AND: then leave
(56:32 / All) xCenariusx: why
(57:57 / All) BEAR_AND: how much gold do you have
(58:04 / All) xCenariusx: 15k
(58:13 / All) BEAR_AND: cool you should be able to win easily then
(59:06 / All) xCenariusx: lol you know i have hidden 5 main cities on map so far
(59:11 / All) BEAR_AND: cool
(59:17 / All) xCenariusx: good luck finding them
(59:23 / All) BEAR_AND: lol this map is tiny
(59:36 / All) BEAR_AND: and i have dragonhawks?
(59:45 / All) BEAR_AND: not sure tree hiding was the best idea
(59:55 / All) BEAR_AND: assuming you even did it haha
(61:10 / All) BEAR_AND: ah chims
(61:14 / All) BEAR_AND: they worked so well for you before
(61:19 / All) BEAR_AND: worth a second chance i guess
(62:14 / All) xCenariusx: zzzzz
(62:22 / All) BEAR_AND: losing must be boring
(62:23 / All) xCenariusx: boring
(62:48 / All) xCenariusx: not really paying attention im haveg fun at you wasting time while i watch game of thrones
(62:53 / All) BEAR_AND: ok so i win then
(62:54 / All) BEAR_AND: cool
(62:56 / All) BEAR_AND: thanks!
(65:08 / All) BEAR_AND: you gonna finish that gold mine?
(65:23 / All) BEAR_AND: i'll take it if you don't want it
(65:36 / All) xCenariusx: gp ahead you pro
(70:01 / All) BEAR_AND: hahahahah
(70:02 / All) BEAR_AND: so slow
(70:09 / All) BEAR_AND: are you sure you're better than me at this game?
(70:39 / All) xCenariusx: dude you play thus game everyday
(70:50 / All) xCenariusx: i used to play this game 8 years ago
(70:56 / All) BEAR_AND: no judgement
(70:59 / All) BEAR_AND: i'm just asking questions
(71:00 / All) xCenariusx: just dl the game
(71:12 / All) xCenariusx: and played this game
(71:12 / All) BEAR_AND: hey you're 3-5 in this ladder season
(71:15 / All) xCenariusx: lol
(71:16 / All) BEAR_AND: this is not your first name
(71:18 / All) BEAR_AND: game
(71:29 / All) xCenariusx: you win at something
(71:40 / All) xCenariusx: opk yoiu are awesome
(71:52 / All) xCenariusx: the most fucking amazing player lol
(71:58 / All) BEAR_AND: wow that's so nice
(72:15 / All) xCenariusx: i cou;d ug you lol
(72:19 / All) BEAR_AND: ??
(72:32 / All) xCenariusx: yeah maybe you need love
(72:36 / All) BEAR_AND: oh "hug"?
(72:41 / All) xCenariusx: did your mommy loved you
(72:49 / All) BEAR_AND: did you pass high school english lol
(72:56 / All) xCenariusx: lol
(73:07 / All) xCenariusx: english is my third language
(73:10 / All) xCenariusx: jaja
(73:15 / All) BEAR_AND: oh cool what are the other two
(73:24 / All) xCenariusx: puedes habalr algo mas que ingles?
(73:37 / All) BEAR_AND: en lite svenska, un peu francais
(73:47 / All) xCenariusx: unm pic de frances
(73:54 / All) xCenariusx: un poco de frances
(74:04 / All) xCenariusx: a little french?
(74:07 / All) BEAR_AND: yes
(74:30 / All) xCenariusx: toman languages are pretty similar
(74:39 / All) xCenariusx: roman
(74:42 / All) BEAR_AND: yep
(75:02 / All) BEAR_AND: which is why i could understand your question despite not speaking spanish
(75:12 / All) xCenariusx: yup
(76:59 / All) xCenariusx: bye